AoeStats
← Bibigolas

Arabia

504447253Analyzed
1v1 RM · 28d ago on Sep 5, 2026· 29m 19s· 2 players
Game mode
Random Map
Map size
Tiny (2 player)
Population
200
Speed
Normal
Resources
Standard
Victory
Conquest
Starting age
Dark Age
Ending age
Imperial Age
RankedLock teamsTeams togetherTeam positionsShared explorationLock speedFull tech treeHidden civsTurbo modeCheats
Victory
Defeat
🇨🇳 Chinese · China
1443
+15
🇫🇷 Maya · France
1422
-15
Bibigolas
0:26 Loom
10:06 Feudal Age
10:48 Double-Bit Axe
12:40 Fletching
13:45 Padded Archer Armor
17:45 Gold Mining
22:02 Castle Age
20:23 Scale Mail Armor
21:52 Forging
21:34 Arson
22:39 Bodkin Arrow
22:13 Crossbowman
22:39 Eagle Warrior
27:15 Chain Mail Armor
28:26 Iron Casting
28:50 Squires
PlatinumDisco
0:27 Loom
9:14 Feudal Age
10:22 Double-Bit Axe
10:47 Town Watch
11:31 Horse Collar
14:07 Fletching
14:50 Padded Archer Armor
17:50 Wheelbarrow
19:23 Gold Mining
22:27 Castle Age
21:59 Scale Barding Armor
22:05 Forging
22:59 Bloodlines
23:11 Bodkin Arrow
23:22 Husbandry
23:35 Bow Saw
23:16 Light Cavalry
23:20 Elite Skirmisher
Connection lost

Rejoining the realm…

Still unreachable

The connection could not be restored.

Session expired

The server has moved on; the page needs a fresh start.